 Dungeon Crawl Stone Soup version 0.30.0-10-gfe55d96785 (webtiles) character file.

Game seed: 5370417533899250633

333168 qw the Peltast (level 22, -8/148 HPs)
             Began as a Gargoyle Cinder Acolyte on May 17, 2023.
             Was a High Priest of Okawaru.
             Killed from afar by an ironbound thunderhulk (12 damage)
             ... with a bolt of lightning
             ... on level 4 of the Vaults.
             The game lasted 00:25:45 (34037 turns).

qw the Peltast (Gargoyle Cinder Acolyte)           Turns: 34037, Time: 00:25:46

Health: -8/148     AC: 50    Str: 27    XL:     22   Next: 16%
Magic:  29/29      EV: 22    Int: 21    God:    Okawaru [*****.]
Gold:   1107       SH: 27    Dex: 25    Spells: 23/23 levels left

rFire   + + .        Y - +6 broad axe (elec)
rCold   . . .        q - +0 tower shield
rNeg    + . .        y - +1 chain mail of the Planets {rF+ Dex+6}
rPois   inf          p - +2 helmet
rElec   +            E - +2 cloak {Will+}
rCorr   .            w - +2 pair of gloves
SInv    .            u - +2 pair of boots "Dievej" {rF+ Will- Int+4 Dex+8}
Will    +....        n - amulet of regeneration
Stlth   +            j - +4 ring of slaying {mikee}
HPRegen 1.24/turn    b - +6 ring of dexterity
MPRegen 0.21/turn

%: no passive effects
@: about to teleport, heroic, marked, flying
A: sickness immunity, AC +16, big wings, negative energy resistance 1,
electricity resistance, torment resistance 1, petrification resistance, shaggy
fur 1, MP-powered wands
}: 1/15 runes: decaying
a: Renounce Religion, Heroism, Finesse, Duel


You were on level 4 of the Vaults.
You worshipped Okawaru.
Okawaru was extremely pleased with you.
You visited 6 branches of the dungeon, and saw 33 of its levels.
You visited the Abyss 1 time.

You collected 4066 gold pieces.
You spent 2959 gold pieces at shops.


Innate Abilities, Weirdness & Mutations

You are immune to sickness and miasma.
Your stone body is resilient. (AC +16)
You are immune to poison.
Your large and strong wings let you fly.
You resist negative energy. (rN+)
You are resistant to electric shocks. (rElec)
You are resistant to unholy torment.
You are immune to petrification.
You are covered in fur. (AC +1)
You expend magic power (3 MP) to strengthen your wands.


   Skills:
 + Level 18.7(23.7) Fighting
 - Level 18.0(23.0) Axes
 - Level 9.0(14.0) Throwing
 - Level 16.0(21.0) Armour
 - Level 11.0(16.0) Dodging
 - Level 20.0(25.0) Shields
 - Level 1.0 Spellcasting
 - Level 3.0 Fire Magic
 - Level 10.0 Invocations


You had 23 spell levels left.
You didn't know any spells.
Your spell library contained the following spells:

 Spells                   Type           Power      Damage    Failure   Level
 Scorch                   Fire           26%        2d6       21%         2

Inventory:

Hand Weapons
 Y - a +6 broad axe of electrocution (weapon)
Missiles
 x - 19 boomerangs (quivered)
Armour
 a - a +0 plate armour
 p - a +2 helmet (worn)
 q - a +0 tower shield (worn)
 s - the scarf of Ehelatiy {repulsion, rC- Will+ Dex+2}
   (You acquired it on level 12 of the Dungeon)

   Dex:       It affects your dexterity (+2).
   rC:        It makes you vulnerable to cold.
   Will:      It increases your willpower.
 u - the +2 pair of boots "Dievej" (worn) {rF+ Will- Int+4 Dex+8}
   (You found it on level 5 of the Lair of Beasts)

   Int:       It affects your intelligence (+4).
   Dex:       It affects your dexterity (+8).
   rF:        It protects you from fire.
   Will:      It decreases your willpower.
 w - a +2 pair of gloves (worn)
 y - the +1 chain mail of the Planets (worn) {rF+ Dex+6}
   (You found it on level 12 of the Dungeon)

   Dex:       It affects your dexterity (+6).
   rF:        It protects you from fire.
 A - +0 fire dragon scales
 E - a +2 cloak of willpower (worn)
Jewellery
 b - a +6 ring of dexterity (right hand)
 e - the ring "Vuvacoes" {Fire rN+++ MP-9 Int+3 Dex+4}
   (You found it on level 10 of the Dungeon)

   [ring of fire]

   It enhances your fire magic.
   Int:       It affects your intelligence (+3).
   Dex:       It affects your dexterity (+4).
   rF:        It protects you from fire.
   rC:        It makes you vulnerable to cold.
   rN:        It renders you almost immune to negative energy.
   MP:        It affects your magic capacity (-9).
 f - a ring of ice
 j - a +4 ring of slaying (left hand) {mikee}
 k - a ring of fire
 n - an amulet of regeneration (around neck)
Wands
 d - a wand of digging (8)
Scrolls
 h - 2 scrolls of enchant armour
 l - 9 scrolls of teleportation
 o - 22 scrolls of identify
Potions
 c - 14 potions of curing
 g - 5 potions of haste
 i - 2 potions of heal wounds
 m - 3 potions of cancellation
 r - 5 potions of resistance
 t - 4 potions of might
 v - 2 potions of magic
 C - 3 potions of mutation

Dungeon Overview and Level Annotations

Branches:
Dungeon (15/15)            Temple (0/1) D:6            Lair (5/5) D:10
  Swamp (4/4) Lair:3       Spider (3/4) Lair:2        Slime (0/5) Lair:5
    Orc (2/2) D:9             Elf (0/3) Orc:2        Vaults (4/5) D:14
  Crypt (0/3) Vaults:3     Depths (0/4) D:15

Altars:
Cheibriados
Dithmenos
Fedhas
Gozag
Hepliaklqana
Nemelex Xobeh
Okawaru
Qazlal
Ru
Sif Muna
Trog
Vehumet
Wu Jian
Xom
Jiyva
Lugonu

Shops:
D:6 *   D:7 (   D:9 ?   D:10 ?   Orc:2 *[!=   Vaults:1 !   Vaults:3 [:
Vaults:4 ?

Portals:
Abyss: Lair:5
Pandemonium: Orc:2
Trove: D:14 (show abyssal rune of Zot)

Annotations:
D:7 1 runed translucent door, Crazy Yiuf
D:12 1 runed translucent door
Lair:5 1 runed translucent door
Swamp:4 2 transporters, contendunt's ghost, adept MiFi


Message History

A slime creature simulacrum comes into view.
You block the deep troll's attack. x3
Electricity crackles from the ironbound thunderhulk's apparatus.
The bolt of lightning misses you.
The necromancer casts a spell.
The necromancer binds the souls of nearby monsters.
A glowing orange brain comes into view.
You hit the deep troll.
The deep troll is almost dead.
You slice the yaktaur captain!! You hit the slime creature simulacrum.
A cane toad comes into view.
Electricity crackles from the ironbound thunderhulk's apparatus.
The bolt of lightning hits you! You resist.
You block the deep troll's attack. x2
The deep troll claws you. You block the yaktaur captain's attack.
You slice the deep troll!!
Lightning courses through the deep troll!!
You kill the deep troll!
Okawaru accepts your kill.
You slash the slime creature simulacrum!
You barely miss the slime creature. You slash the yaktaur captain!
A freezing mist starts to gather...
A deep troll simulacrum comes into view.
The slime creature hits you but does no damage.
The slime creature simulacrum hits you.
The slime creature simulacrum freezes you!!
Electricity crackles from the ironbound thunderhulk's apparatus.
The bolt of lightning hits you. You resist.
The necromancer points at you and mumbles some strange words.
You feel a surge of unholy energy. You block the yaktaur captain's attack.
34037 ||| READING 10 scrolls of teleportation.
As you read the scroll of teleportation, it crumbles to dust.
You feel strangely unstable.
The moth of wrath goads the slime creature on!
The slime creature goes berserk!
You block the slime creature's attack. You block the yaktaur captain's attack.
The necromancer gestures wildly while chanting.
The necromancer binds the souls of nearby monsters.
Electricity crackles from the ironbound thunderhulk's apparatus.
The bolt of lightning hits you! You resist.
You die...

#..$....# .#
.......# .# .
......#..# .
.....#..# .
....#..#
(.G#########..#
(..ZpZJ.......#
(..FyCc@......#
....Z.ZJ......#
.......p.)....#
..............#
.........O....#
###########'###
.. ..


You could see a stone giant (soul bound), an ironbound thunderhulk (soul bound),
a yaktaur captain (soul bound), 2 slime creatures, a glowing orange brain, a
moth of wrath (soul bound, strong), an ironbound convoker (soul bound), a
necromancer, a cane toad (soul bound), 2 slime creature simulacra, a deep troll
simulacrum and an ironbound preserver simulacrum.

Vanquished Creatures
  Margery (Vaults:2)
  A tentacled monstrosity (Swamp:4)
  Zenata (Vaults:2)
  Asterion (Spider:3)
  Jorgrun (Spider:3)
  A sphinx (Vaults:4)
  Gastronok (Lair:2)
  Frances (D:12)
  A tentacled starspawn (Abyss:2)
  A tengu reaver (Vaults:3)
  4 thorn hunters
  Louise (Swamp:4)
  An emperor scorpion (Spider:1)
  9 vault wardens
  3 ghost moths
  A cacodemon (Abyss:2)
  An orc warlord (Vaults:3)
  24 ironbound preservers
  5 very ugly things
  4 ironbound thunderhulks
  2 broodmothers
  2 eleionomae
  Nessos (D:13)
  A deep elf demonologist (Vaults:3)
  8 dire elephants
  6 bunyips
  2 ettins
  A spark wasp (Spider:1)
  An eidolon (Vaults:3)
  2 green deaths (Swamp:4)
  4 entropy weavers
  3 shambling mangroves (Swamp:3)
  10 yaktaur captains
  A fire dragon (D:14)
  4 crystal guardians
  6 great orbs of eyes
  14 hydras
  3 demonspawn (Orc:2)
  A rakshasa (D:13)
  3 peacekeepers
  2 ogre magi
  5 vault guards
  A radroach (Spider:1)
  6 ghost crabs
  A catoblepas (D:12)
  A jorogumo (Spider:1)
  13 centaur warriors
  11 boulder beetles
  9 alligators
  12 two-headed ogres
  7 ironbound frosthearts
  7 tengu warriors
  6 orc high priests (Orc:2)
  16 death yaks
  Urug (D:13)
  8 thrashing horrors
  A spriggan berserker (Swamp:2)
  A sun demon (Orc:2)
  A soul eater (Orc:2)
  2 wretched stars (Abyss:2)
  2 skysharks
  A shadow wraith (D:14)
  3 hell knights (Vaults:2)
  2 sixfirhies
  72 deep trolls
  9 bog bodies
  A flayed ghost (Abyss:2)
  3 pharaoh ants
  10 swamp dragons
  6 orb spiders
  9 lindwurms
  4 spriggan druids
  7 goliath frogs
  2 phantasmal warriors (Vaults:3)
  7 steelbarb worms
  Lodul (D:13)
  A glowing orange brain (Vaults:1)
  15 ironbound convokers
  4 wizards
  Pikel (D:7)
  4 harpies (Vaults:1)
  6 deep elf pyromancers
  5 deep elf zephyrmancers (Orc:2)
  4 necromancers
  6 orc sorcerers
  6 orc knights
  2 oklob plants (Swamp:3)
  19 ugly things
  11 wolf spiders
  12 cyclopes
  A human zombie (Vaults:1)
  5 large abominations
  3 manticores
  2 salamanders (shapeshifter)
  6 will-o-the-wisps
  8 elephants
  3 moths of wrath
  A black mamba (Lair:1)
  19 vault sentinels
  4 torpor snails
  3 smoke demons
  8 demonic crawlers
  An orange demon (Swamp:4)
  6 gargoyles
  Psyche (D:8)
  13 cane toads
  3 unseen horrors
  6 komodo dragons
  25 yaktaurs
  3 efreet
  A kobold demonologist (D:9)
  3 freezing wraiths
  2 rime drakes (Lair:5)
  A tengu conjurer (D:15)
  4 ancient zymes
  9 trolls
  3 meliai (Spider:1)
  A troll (shapeshifter) (Lair:5)
  5 polar bears
  8 hornets
  A tarantella (shapeshifter) (D:14)
  26 blink frogs
  18 tarantellas
  12 tyrant leeches
  An ettin zombie (Vaults:1)
  25 slime creatures
  3 raiju (Abyss:2)
  Sigmund (D:6)
  A human simulacrum (Vaults:1)
  A centaur simulacrum (D:12)
  17 small abominations
  20 jumping spiders
  6 spriggans
  4 vampires
  3 ynoxinuls
  8 shadows
  17 culicivoras
  An ettin skeleton (Abyss:2)
  9 wyverns
  49 yaks
  A dire elephant simulacrum (Abyss:2)
  9 wraiths
  8 basilisks
  2 hogs (shapeshifter)
  A chaos spawn (Lair:5)
  16 fire elementals
  7 humans (D:10)
  A golden eye (Abyss:2)
  53 redbacks
  21 vampire mosquitoes
  2 wargs
  11 swamp worms
  5 acid dragons
  16 water moccasins
  2 swamp drakes (Swamp:1)
  2 sky beasts (D:7)
  4 ice beasts
  A deep troll simulacrum (Vaults:2)
  6 black bears
  14 wolves
  27 orc warriors
  9 ogres
  A boggart (Vaults:2)
  An elf simulacrum (Vaults:1)
  7 centaurs
  4 lemures (D:7)
  6 kobold brigands
  2 phantoms
  12 bullfrogs
  A gnoll sergeant (D:11)
  2 scorpions
  5 wights (D:7)
  5 killer bees
  7 howler monkeys
  8 hounds
  3 jellies
  25 orc priests
  2 gnoll boudas
  2 sleepcaps
  22 orc wizards
  5 iguanas
  Ijyb (D:3)
  16 gnolls
  17 adders
  3 ufetubi
  2 worms (D:4)
  A dart slug (D:5)
  63 orcs
  9 ball pythons
  7 bats
  6 endoplasms
  18 giant cockroaches
  3 goblins
  6 hobgoblins
  A jackal (D:4)
  2 quokkas (D:1)
  3 frilled lizards
  33 kobolds
  3 rats
  3 spectral weapons (Spider:3)
1400 creatures vanquished.

Vanquished Creatures (others)
  A bunyip (Swamp:3)
  A ghost crab (Swamp:3)
  An alligator (Swamp:3)
  A swamp dragon (Swamp:4)
  A wizard (D:15)
  A bloated husk (Swamp:3)
  A swamp drake (Swamp:2)
  4 foxfires (Swamp:4)
11 creatures vanquished.

Grand Total: 1411 creatures vanquished

Notes
Turn   | Place    | Note
-------+----------+-------------------------------------------
     0 | D:1      | qw the Gargoyle Cinder Acolyte began the quest for the Orb.
     0 | D:1      | Reached XP level 1. HP: 14/14 MP: 2/2
     0 | D:1      | 0 ||| qw: Version: 0.2-a-95-g816fdde
     0 | D:1      | 0 ||| qw: Game counter: 82
     0 | D:1      | 0 ||| qw: Always use a shield: true
     0 | D:1      | 0 ||| qw: God list: Okawaru
     0 | D:1      | 0 ||| qw: Allow faded altars: false
     0 | D:1      | 0 ||| qw: Do Orc after D:15 true
     0 | D:1      | 0 ||| qw: Do second Lair branch before Depths: true
     0 | D:1      | 0 ||| qw: Lair rune preference: random
     0 | D:1      | 0 ||| qw: Plans: Normal
     0 | D:1      | 0 ||| PLANNING D:1-11
   104 | D:1      | Reached skill level 3 in Axes
   114 | D:1      | Found a faded altar of an unknown god.
   174 | D:1      | Reached XP level 2. HP: 19/19 MP: 3/3
   670 | D:1      | 670 ||| INVOKING Fiery Armour.
   722 | D:1      | 722 ||| UPGRADING to +0 ring mail.
   732 | D:1      | 732 ||| DROPPING +0 robe.
   733 | D:1      | 733 ||| READING scroll labelled QOAZET EMOCEH.
   734 | D:1      | 734 ||| READING scroll labelled WIDOR COEMIONLESI.
   735 | D:1      | 735 ||| READING scroll labelled ZAFOIF ZAHO.
   736 | D:1      | 736 ||| READING scroll labelled NOWOBBODGHA.
   886 | D:2      | Reached XP level 3. HP: 23/23 MP: 4/4
  1028 | D:2      | Found a sparkling altar of Nemelex Xobeh.
  1203 | D:2      | 1203 ||| UPGRADING to +2 hat.
  1208 | D:2      | 1208 ||| UPGRADING to +0 chain mail.
  1218 | D:2      | 1218 ||| DROPPING +0 ring mail.
  1219 | D:2      | 1219 ||| UPGRADING to +4 ring of slaying {mikee}.
  1220 | D:2      | 1220 ||| READING scroll labelled MAKHIX JIPA.
  1221 | D:2      | 1221 ||| READING scroll labelled KOTENEALUDGH.
  1281 | D:3      | 1281 ||| INVOKING Fiery Armour.
  1287 | D:3      | Reached skill level 1 in Armour
  1288 | D:3      | Reached XP level 4. HP: 24/28 MP: 5/5
  1330 | D:3      | Noticed Ijyb
  1358 | D:3      | Killed Ijyb
  1367 | D:3      | Reached XP level 5. HP: 25/32 MP: 6/6
  1479 | D:3      | 1479 ||| SWAPPING to +2 war axe of draining.
  1486 | D:3      | 1486 ||| Stepping ~*~*~tactically~*~*~ (stealth).
  1558 | D:3      | 1558 ||| Stepping ~*~*~tactically~*~*~ (stealth).
  1606 | D:3      | Reached skill level 1 in Throwing
  1656 | D:3      | 1656 ||| Stepping ~*~*~tactically~*~*~ (stealth).
  1677 | D:3      | 1677 ||| Stepping ~*~*~tactically~*~*~ (stealth).
  1678 | D:3      | 1678 ||| Stepping ~*~*~tactically~*~*~ (stealth).
  1703 | D:3      | 1703 ||| Stepping ~*~*~tactically~*~*~ (stealth).
  1704 | D:3      | 1704 ||| Stepping ~*~*~tactically~*~*~ (stealth).
  1767 | D:3      | Found a shimmering altar of Xom.
  1793 | D:3      | 1793 ||| Stepping ~*~*~tactically~*~*~ (stealth).
  1796 | D:3      | 1796 ||| Stepping ~*~*~tactically~*~*~ (stealth).
  1799 | D:3      | 1799 ||| Stepping ~*~*~tactically~*~*~ (hiding).
  1801 | D:3      | 1801 ||| Stepping ~*~*~tactically~*~*~ (hiding).
  1804 | D:3      | Reached XP level 6. HP: 38/38 MP: 7/7
  1819 | D:3      | 1819 ||| Stepping ~*~*~tactically~*~*~ (stealth).
  1845 | D:3      | 1845 ||| READING scroll of enchant weapon.
  1845 | D:3      | 1845 ||| ENCHANTING +2 war axe of draining.
  2077 | D:3      | 2077 ||| UPGRADING to +0 plate armour.
  2087 | D:3      | 2087 ||| DROPPING +0 chain mail.
  2088 | D:3      | 2088 ||| READING 2 scrolls labelled OXKODDI WAYWK.
  2092 | D:3      | 2092 ||| DRINKING 2 coppery potions.
  2093 | D:3      | 2093 ||| READING 2 scrolls of identify.
  2093 | D:3      | 2093 ||| IDENTIFYING fuming red potion
  2094 | D:3      | 2094 ||| DROPPING potion of degeneration.
  2128 | D:4      | 2128 ||| INVOKING Fiery Armour.
  2133 | D:4      | Reached skill level 3 in Armour
  2177 | D:4      | Noticed a black bear
  2181 | D:4      | Killed a black bear
  2182 | D:4      | Reached XP level 7. HP: 43/43 MP: 8/8
  2198 | D:4      | 2198 ||| Stepping ~*~*~tactically~*~*~ (hiding).
  2207 | D:4      | Reached skill level 6 in Axes
  2343 | D:4      | 2343 ||| Stepping ~*~*~tactically~*~*~ (stealth).
  2345 | D:4      | 2345 ||| Stepping ~*~*~tactically~*~*~ (stealth).
  2447 | D:4      | 2447 ||| Stepping ~*~*~tactically~*~*~ (stealth).
  2460 | D:4      | Found an iron altar of Okawaru.
  2565 | D:4      | Found a snail-covered altar of Cheibriados.
  2643 | D:4      | 2643 ||| UPGRADING to amulet of guardian spirit.
  2648 | D:4      | 2648 ||| UPGRADING to ring of resist corrosion.
  2649 | D:4      | 2649 ||| READING scroll labelled DISUBL POUXA.
  2650 | D:4      | 2650 ||| READING 2 scrolls labelled DANECIYSKI.
  2651 | D:4      | 2651 ||| READING 3 scrolls of identify.
  2651 | D:4      | 2651 ||| IDENTIFYING dark potion
  2652 | D:4      | 2652 ||| READING 2 scrolls of identify.
  2652 | D:4      | 2652 ||| IDENTIFYING fizzy emerald potion
  2653 | D:4      | 2653 ||| DROPPING potion of attraction.
  2654 | D:4      | 2654 ||| DROPPING scroll of amnesia.
  2676 | D:4      | 2676 ||| DRINKING 2 potions of curing.
  2676 | D:4      | 2676 ||| (to cure confusion)
  2682 | D:4      | 2682 ||| Stepping ~*~*~tactically~*~*~ (hiding).
  2685 | D:4      | 2685 ||| DRINKING potion of curing.
  2685 | D:4      | 2685 ||| (to cure confusion)
  2796 | D:5      | Entered Level 5 of the Dungeon
  2805 | D:5      | 2805 ||| INVOKING Fiery Armour.
  2808 | D:5      | Reached XP level 8. HP: 21/48 MP: 4/9
  2855 | D:5      | 2855 ||| Stepping ~*~*~tactically~*~*~ (stealth).
  2932 | D:5      | Found a sparkling altar of Nemelex Xobeh.
  2948 | D:5      | Found a radiant altar of Vehumet.
  2949 | D:5      | Found an ornate altar of the Wu Jian Council.
  2949 | D:5      | Found an opulent altar of Gozag.
  2949 | D:5      | Found a shadowy altar of Dithmenos.
  2951 | D:5      | Found a blossoming altar of Fedhas.
  2953 | D:5      | Found a stormy altar of Qazlal.
  3030 | D:5      | 3030 ||| Stepping ~*~*~tactically~*~*~ (stealth).
  3035 | D:5      | 3035 ||| INVOKING Fiery Armour.
  3289 | D:5      | Reached skill level 6 in Fighting
  3566 | D:5      | 3566 ||| DROPPING ring of magical power.
  3567 | D:5      | 3567 ||| DRINKING 3 metallic amethyst potions.
  3568 | D:5      | 3568 ||| READING 2 scrolls of identify.
  3568 | D:5      | 3568 ||| IDENTIFYING smoky black potion
  3569 | D:5      | 3569 ||| DROPPING potion of lignification.
  3717 | D:6      | Reached XP level 9. HP: 55/55 MP: 10/10
  3724 | D:6      | Noticed Sigmund
  3725 | D:6      | 3725 ||| Stepping ~*~*~tactically~*~*~ (hiding).
  3728 | D:6      | 3728 ||| PLANNING D:1-11
  3728 | D:6      | 3728 ||| UPGRADING to amulet of regeneration.
  3729 | D:6      | 3729 ||| UPGRADING to amulet of regeneration.
  3730 | D:6      | 3730 ||| UPGRADING to amulet of regeneration.
  3733 | D:6      | 3733 ||| Stepping randomly (disturbance).
  3739 | D:6      | Killed Sigmund
  3740 | D:6      | Reached skill level 9 in Axes
  3768 | D:6      | 3768 ||| Stepping ~*~*~tactically~*~*~ (stealth).
  3824 | D:6      | Found Keoboe Neebb's Assorted Antiques.
  3840 | D:6      | 3840 ||| BUYING potion of haste (230 gold).
  3840 | D:6      | Bought a potion of haste for 230 gold pieces
  3840 | D:6      | 3840 ||| SHOPLISTING shiny bone wand (92 gold, have 46).
  4002 | D:6      | Found a staircase to the Ecumenical Temple.
  4097 | D:6      | 4097 ||| UPGRADING to amulet of regeneration.
  4107 | D:6      | 4107 ||| DROPPING amulet of guardian spirit.
  4108 | D:6      | 4108 ||| DROPPING +6 ring of intelligence.
  4130 | D:7      | Found Aselar's Antique Weapon Shoppe.
  4132 | D:7      | Identified the +9 trident of Megalomania {antimagic, rC-
                  | Will++ rCorr}
  4150 | D:7      | 4150 ||| SHOPLISTING +4 consecrated labrys {holy, Valiant
                  | Fragile Fly SInv} (1116 gold, have 57).
  4150 | D:7      | 4150 ||| SHOPLISTING +8 mithril axe "Arga" {speed, Will+}
                  | (2067 gold, have 57).
  4274 | D:7      | 4274 ||| PLANNING D:1-11
  4433 | D:7      | 4433 ||| Stepping ~*~*~tactically~*~*~ (hiding).
  4455 | D:7      | 4455 ||| Stepping ~*~*~tactically~*~*~ (hiding).
  4520 | D:7      | Noticed Pikel
  4521 | D:7      | 4521 ||| Stepping ~*~*~tactically~*~*~ (stealth).
  4594 | D:7      | Killed Pikel
  4595 | D:7      | Reached skill level 6 in Armour
  4614 | D:7      | Reached XP level 10. HP: 63/63 MP: 11/11
  4977 | D:7      | Found a runed translucent door.
  4978 | D:7      | Noticed Crazy Yiuf
  5024 | D:7      | Found a hazy altar of Hepliaklqana.
  5107 | D:7      | 5107 ||| DRINKING 2 sapphire potions.
  5143 | D:8      | Noticed Psyche
  5152 | D:8      | Killed Psyche
  5212 | D:8      | 5212 ||| Stepping ~*~*~tactically~*~*~ (stealth).
  5217 | D:8      | 5217 ||| Stepping ~*~*~tactically~*~*~ (stealth).
  5263 | D:8      | Reached skill level 1 in Dodging
  5379 | D:8      | 5379 ||| Stepping ~*~*~tactically~*~*~ (stealth).
  5502 | D:8      | 5502 ||| Stepping ~*~*~tactically~*~*~ (hiding).
  5515 | D:8      | 5515 ||| Stepping ~*~*~tactically~*~*~ (stealth).
  5568 | D:8      | Found a shimmering blue altar of Sif Muna.
  5703 | D:8      | Found a sacrificial altar of Ru.
  5900 | D:8      | 5900 ||| DRINKING 4 brown potions.
  5901 | D:8      | 5901 ||| READING 4 scrolls of identify.
  5901 | D:8      | 5901 ||| IDENTIFYING fuming emerald potion
  5902 | D:8      | 5902 ||| READING 3 scrolls of identify.
  5902 | D:8      | 5902 ||| IDENTIFYING fuming purple potion
  5903 | D:8      | 5903 ||| READING 2 scrolls of identify.
  5903 | D:8      | 5903 ||| IDENTIFYING black potion
  5904 | D:8      | 5904 ||| DROPPING potion of brilliance.
  5905 | D:8      | 5905 ||| DROPPING potion of invisibility.
  5906 | D:8      | 5906 ||| DROPPING 3 potions of flight.
  5926 | D:9      | 5926 ||| INVOKING Fiery Armour.
  5937 | D:9      | Reached skill level 9 in Fighting
  5945 | D:9      | 5945 ||| READING scroll of enchant weapon.
  5945 | D:9      | 5945 ||| ENCHANTING +3 war axe of draining.
  5949 | D:9      | Found a staircase to the Orcish Mines.
  5956 | D:9      | Noticed a two-headed ogre
  5962 | D:9      | Killed a two-headed ogre
  6021 | D:9      | 6021 ||| Stepping ~*~*~tactically~*~*~ (stealth).
  6023 | D:9      | 6023 ||| Stepping ~*~*~tactically~*~*~ (stealth).
  6038 | D:9      | Reached XP level 11. HP: 67/71 MP: 12/12
  6063 | D:9      | Reached skill level 3 in Throwing
  6063 | D:9      | 6063 ||| Stepping ~*~*~tactically~*~*~ (hiding).
  6073 | D:9      | 6073 ||| INVOKING Fiery Armour.
  6138 | D:9      | 6138 ||| Stepping ~*~*~tactically~*~*~ (stealth).
  6160 | D:9      | 6160 ||| SWAPPING to +0 broad axe.
  6161 | D:9      | 6161 ||| DROPPING +4 war axe of draining.
  6366 | D:9      | Found Tothios's Magic Scroll Shop.
  6369 | D:9      | 6369 ||| BUYING scroll of identify (30 gold).
  6369 | D:9      | Bought a scroll of identify for 30 gold pieces
  6369 | D:9      | 6369 ||| BUYING scroll of identify (30 gold).
  6369 | D:9      | Bought a scroll of identify for 30 gold pieces
  6369 | D:9      | 6369 ||| BUYING scroll of teleportation (45 gold).
  6369 | D:9      | Bought a scroll of teleportation for 45 gold pieces
  6369 | D:9      | 6369 ||| BUYING scroll of teleportation (45 gold).
  6369 | D:9      | Bought a scroll of teleportation for 45 gold pieces
  6447 | D:9      | Noticed a five-headed hydra
  6448 | D:9      | 6448 ||| INVOKING Fiery Armour.
  6450 | D:9      | 6450 ||| SWAPPING to +0 hand axe of flaming.
  6455 | D:9      | Killed a three-headed hydra
  6456 | D:9      | Reached skill level 12 in Axes
  6456 | D:9      | 6456 ||| SWAPPING to +0 broad axe.
  6710 | D:9      | Noticed a centaur warrior
  6710 | D:9      | Noticed a cyclops
  6711 | D:9      | 6711 ||| Stepping ~*~*~tactically~*~*~ (hiding).
  6712 | D:9      | 6712 ||| Stepping ~*~*~tactically~*~*~ (hiding).
  6715 | D:9      | Noticed a cyclops
  6720 | D:9      | Killed a centaur warrior
  6721 | D:9      | 6721 ||| INVOKING Fiery Armour.
  6735 | D:9      | Killed a cyclops
  6737 | D:9      | Killed a cyclops
  6783 | D:9      | 6783 ||| UPGRADING to +0 cloak.
  6788 | D:9      | 6788 ||| READING 6 scrolls of identify.
  6788 | D:9      | 6788 ||| IDENTIFYING ruby potion
  6789 | D:9      | 6789 ||| READING 5 scrolls of identify.
  6789 | D:9      | 6789 ||| IDENTIFYING emerald potion
  6790 | D:9      | 6790 ||| DROPPING potion of ambrosia.
  6806 | D:10     | Entered Level 10 of the Dungeon
  6807 | D:10     | Noticed a two-headed ogre
  6816 | D:10     | Killed a two-headed ogre
  6840 | D:10     | Identified the ring "Vuvacoes" {Fire rN+++ MP-9 Int+3
                  | Dex+4}
  6872 | D:10     | 6872 ||| INVOKING Fiery Armour.
  7017 | D:10     | 7017 ||| UPGRADING to ring "Vuvacoes" {Fire rN+++ MP-9
                  | Int+3 Dex+4}.
  7019 | D:10     | 7019 ||| READING scroll labelled MAEXUIGUYGG.
  7020 | D:10     | 7020 ||| Stepping randomly (disturbance).
  7120 | D:10     | Identified the +5 long sword "Cem Moof" {freeze, Drain
                  | rElec rN+ rCorr}
  7138 | D:10     | Reached XP level 12. HP: 51/77 MP: 4/13
  7148 | D:10     | Reached skill level 9 in Armour
  7151 | D:10     | 7151 ||| INVOKING Fiery Armour.
  7189 | D:10     | 7189 ||| Stepping ~*~*~tactically~*~*~ (stealth).
  7213 | D:10     | 7213 ||| Stepping ~*~*~tactically~*~*~ (stealth).
  7215 | D:10     | 7215 ||| Stepping ~*~*~tactically~*~*~ (stealth).
  7239 | D:10     | 7239 ||| READING scroll of enchant weapon.
  7239 | D:10     | 7239 ||| ENCHANTING +0 broad axe.
  7245 | D:10     | Found a staircase to the Lair.
  7541 | D:10     | Found Tipteupe's Magic Scroll Boutique.
  7562 | D:10     | 7562 ||| BUYING 2 scrolls of identify (44 gold).
  7562 | D:10     | Bought 2 scrolls of identify for 44 gold pieces
  7562 | D:10     | 7562 ||| BUYING scroll of enchant weapon (82 gold).
  7562 | D:10     | Bought a scroll of enchant weapon for 82 gold pieces
  7562 | D:10     | 7562 ||| BUYING scroll of identify (22 gold).
  7562 | D:10     | Bought a scroll of identify for 22 gold pieces
  7562 | D:10     | 7562 ||| BUYING scroll of teleportation (33 gold).
  7562 | D:10     | Bought a scroll of teleportation for 33 gold pieces
  7562 | D:10     | 7562 ||| BUYING scroll of teleportation (33 gold).
  7562 | D:10     | Bought a scroll of teleportation for 33 gold pieces
  7562 | D:10     | 7562 ||| READING scroll of enchant weapon.
  7562 | D:10     | 7562 ||| ENCHANTING +1 broad axe.
  7696 | D:10     | 7696 ||| PLANNING LAIR
  7696 | D:10     | 7696 ||| UPGRADING to +1 helmet.
  7706 | D:10     | 7706 ||| DROPPING +2 hat.
  7707 | D:10     | 7707 ||| UPGRADING to +1 pair of gloves.
  7712 | D:10     | 7712 ||| READING scroll labelled ZERUAGEWEI.
  7774 | Lair:1   | Entered Level 1 of the Lair of Beasts
  8078 | Lair:1   | You fall into a shaft and drop 1 floor!
  8079 | Lair:2   | 8079 ||| INVOKING Fiery Armour.
  8828 | Lair:1   | 8828 ||| UPGRADING to +0 pair of boots.
  8833 | Lair:1   | 8833 ||| UPGRADING to +0 kite shield.
  8916 | Lair:2   | 8916 ||| Stepping ~*~*~tactically~*~*~ (stealth).
  8918 | Lair:2   | 8918 ||| INVOKING Fiery Armour.
  8920 | Lair:2   | Reached skill level 1 in Shields
  8923 | Lair:2   | Reached skill level 2 in Shields
  8961 | Lair:2   | 8961 ||| PLANNING OKAWARU WORSHIP
  9160 | D:4      | Fell from the grace of Ignis
  9160 | D:4      | Became a worshipper of Warmaster Okawaru
  9161 | D:4      | 9161 ||| PLANNING LAIR
  9360 | Lair:2   | Noticed Gastronok
  9378 | Lair:2   | Killed Gastronok
  9379 | Lair:2   | Reached skill level 4 in Shields
  9502 | Lair:2   | Reached * piety under Okawaru
  9515 | Lair:2   | Found a hole to the Spider Nest.
  9536 | Lair:2   | Reached skill level 1 in Invocations
  9662 | Lair:2   | 9662 ||| INVOKING Heroism.
  9663 | Lair:2   | 9663 ||| INVOKING Heroism.
  9668 | Lair:2   | Reached skill level 5 in Shields
  9962 | Lair:2   | 9962 ||| INVOKING Heroism.
 10300 | Lair:3   | Noticed a six-headed hydra
 10302 | Lair:3   | 10302 ||| SWAPPING to +0 hand axe of flaming.
 10307 | Lair:3   | Killed a two-headed hydra
 10308 | Lair:3   | 10308 ||| SWAPPING to +2 heavy broad axe.
 10315 | Lair:3   | Reached skill level 6 in Shields
 10324 | Lair:3   | Reached skill level 3 in Invocations
 10476 | Lair:3   | Found a staircase to the Swamp.
 10479 | Lair:3   | Reached ** piety under Okawaru
 10480 | Lair:3   | Reached skill level 7 in Shields
 10480 | Lair:3   | Reached XP level 13. HP: 82/82 MP: 5/16
 10485 | Lair:3   | 10485 ||| INVOKING Heroism.
 10582 | Lair:3   | 10582 ||| INVOKING Heroism.
 10585 | Lair:3   | 10585 ||| SWAPPING to +0 hand axe of flaming.
 10593 | Lair:3   | Reached skill level 8 in Shields
 10593 | Lair:3   | 10593 ||| SWAPPING to +2 heavy broad axe.
 10668 | Lair:3   | 10668 ||| Stepping ~*~*~tactically~*~*~ (stealth).
 10670 | Lair:3   | 10670 ||| INVOKING Heroism.
 10683 | Lair:3   | Reached skill level 9 in Shields
 10692 | Lair:3   | 10692 ||| INVOKING Heroism.
 10761 | Lair:3   | 10761 ||| INVOKING Heroism.
 10906 | Lair:3   | Found the +4 robe of Folly {Brill Will-∞ Int+8}
 10926 | Lair:3   | 10926 ||| READING scroll of enchant armour.
 10926 | Lair:3   | 10926 ||| ENCHANTING +1 pair of gloves.
 11139 | Lair:3   | Reached skill level 10 in Shields
 11173 | Lair:3   | 11173 ||| READING scroll labelled XEAMAI GULEKHU.
 11195 | Lair:4   | 11195 ||| INVOKING Heroism.
 11197 | Lair:4   | 11197 ||| Stepping ~*~*~tactically~*~*~ (stealth).
 11199 | Lair:4   | 11199 ||| SWAPPING to +0 hand axe of flaming.
 11206 | Lair:4   | 11206 ||| SWAPPING to +2 heavy broad axe.
 11209 | Lair:4   | 11209 ||| SWAPPING to +0 hand axe of flaming.
 11217 | Lair:4   | 11217 ||| INVOKING Heroism.
 11220 | Lair:4   | 11220 ||| SWAPPING to +2 heavy broad axe.
 11233 | Lair:4   | 11233 ||| Stepping ~*~*~tactically~*~*~ (stealth).
 11236 | Lair:4   | 11236 ||| INVOKING Heroism.
 11240 | Lair:4   | Reached skill level 11 in Shields
 11282 | Lair:4   | 11282 ||| Stepping ~*~*~tactically~*~*~ (stealth).
 11289 | Lair:4   | 11289 ||| INVOKING Heroism.
 11293 | Lair:4   | 11293 ||| Stepping ~*~*~tactically~*~*~ (stealth).
 11371 | Lair:4   | 11371 ||| INVOKING Heroism.
 11384 | Lair:4   | Reached *** piety under Okawaru
 11388 | Lair:4   | 11388 ||| INVOKING Heroism.
 11477 | Lair:4   | 11477 ||| INVOKING Heroism.
 11486 | Lair:4   | Reached **** piety under Okawaru
 11490 | Lair:4   | Gained mutation: Your large and strong wings let you fly.
                  | [Gargoyle growth]
 11490 | Lair:4   | Reached XP level 14. HP: 51/90 MP: 8/17
 11504 | Lair:4   | You are sucked into a shaft and drop 1 floor!
 11504 | Lair:5   | Entered Level 5 of the Lair of Beasts
 11510 | Lair:5   | 11510 ||| INVOKING Heroism.
 11577 | Lair:5   | 11577 ||| INVOKING Heroism.
 11615 | Lair:5   | 11615 ||| INVOKING Heroism.
 11653 | Lair:5   | Identified the +2 pair of boots "Dievej" {rF+ Will- Int+4
                  | Dex+8}
 11675 | Lair:5   | Reached skill level 12 in Shields
 11677 | Lair:5   | Reached skill level 6 in Invocations
 11689 | Lair:5   | 11689 ||| UPGRADING to +2 pair of boots "Dievej" {rF+ Will-
                  | Int+4 Dex+8}.
 11699 | Lair:5   | 11699 ||| DROPPING +0 pair of boots.
 11765 | Lair:4   | You are sucked into a shaft and drop 1 floor!
 11766 | Lair:5   | 11766 ||| Stepping ~*~*~tactically~*~*~ (stealth).
 11768 | Lair:5   | 11768 ||| Stepping ~*~*~tactically~*~*~ (stealth).
 11804 | Lair:5   | 11804 ||| Stepping ~*~*~tactically~*~*~ (hiding).
 11817 | Lair:5   | 11817 ||| Stepping ~*~*~tactically~*~*~ (hiding).
 11824 | Lair:5   | Reached ***** piety under Okawaru
 11848 | Lair:5   | Reached skill level 3 in Dodging
 11849 | Lair:5   | Identified the +7 ring mail of Absence {rC+} (Okawaru
                  | gifted it to you on level 5 of the Lair of Beasts)
 11849 | Lair:5   | Received a gift from Okawaru
 11850 | Lair:5   | 11850 ||| Stepping ~*~*~tactically~*~*~ (stealth).
 11926 | Lair:5   | 11926 ||| INVOKING Heroism.
 11977 | Lair:5   | 11977 ||| INVOKING Heroism.
 12014 | Lair:5   | 12014 ||| Stepping ~*~*~tactically~*~*~ (stealth).
 12087 | Lair:5   | 12087 ||| Stepping ~*~*~tactically~*~*~ (stealth).
 12164 | Lair:5   | 12164 ||| Stepping ~*~*~tactically~*~*~ (stealth).
 12170 | Lair:5   | Found a corrupted altar of Lugonu.
 12170 | Lair:5   | Found a one-way gate to the infinite horrors of the Abyss.
 12178 | Lair:5   | 12178 ||| UPGRADING to +6 ring of dexterity.
 12180 | Lair:5   | 12180 ||| DROPPING ring of resist corrosion.
 12665 | Lair:5   | 12665 ||| INVOKING Heroism.
 12686 | Lair:5   | 12686 ||| INVOKING Heroism.
 12805 | Lair:5   | 12805 ||| Stepping ~*~*~tactically~*~*~ (stealth).
 12811 | Lair:5   | 12811 ||| Stepping ~*~*~tactically~*~*~ (stealth).
 12817 | Lair:5   | Reached skill level 9 in Invocations
 12820 | Lair:5   | 12820 ||| Stepping ~*~*~tactically~*~*~ (stealth).
 13008 | Lair:5   | Was forgiven by Ignis
 13141 | Lair:5   | 13141 ||| Stepping ~*~*~tactically~*~*~ (hiding).
 13143 | Lair:5   | 13143 ||| Stepping ~*~*~tactically~*~*~ (hiding).
 13253 | Lair:5   | Found a runed translucent door.
 13255 | Lair:5   | Found a viscous altar of Jiyva.
 13257 | Lair:5   | Found a staircase to the Slime Pits.
 13403 | Lair:5   | Identified the +3 mace "Xajiu" {chaos, Dex+3}
 13409 | Lair:5   | 13409 ||| READING scroll of enchant armour.
 13409 | Lair:5   | 13409 ||| ENCHANTING +1 helmet.
 13410 | Lair:5   | 13410 ||| PLANNING D:1-11
 13410 | Lair:5   | 13410 ||| READING scroll labelled CUISAO GOILUH.
 13411 | Lair:5   | 13411 ||| READING scroll labelled BOQAEFAM VAISCH.
 13603 | D:11     | 13603 ||| READING scroll of enchant weapon.
 13603 | D:11     | 13603 ||| ENCHANTING +2 heavy broad axe.
 13805 | D:11     | 13805 ||| Stepping ~*~*~tactically~*~*~ (hiding).
 13828 | D:11     | 13828 ||| INVOKING Heroism.
 13829 | D:11     | 13829 ||| INVOKING Finesse.
 13840 | D:11     | Reached XP level 15. HP: 83/94 MP: 15/22
 13889 | D:11     | 13889 ||| Stepping ~*~*~tactically~*~*~ (hiding).
 13953 | D:11     | Reached skill level 15 in Axes
 13958 | D:11     | 13958 ||| INVOKING Heroism.
 13959 | D:11     | 13959 ||| INVOKING Finesse.
 13964 | D:11     | 13964 ||| SWAPPING to +0 hand axe of flaming.
 13967 | D:11     | 13967 ||| SWAPPING to +3 heavy broad axe.
 14016 | D:11     | Identified the +6 dagger "Runeirovo" {freeze, rF+ rCorr}
 14051 | D:11     | 14051 ||| Stepping ~*~*~tactically~*~*~ (hiding).
 14243 | D:11     | 14243 ||| READING scroll of enchant armour.
 14243 | D:11     | 14243 ||| ENCHANTING +0 cloak.
 14514 | D:11     | Reached skill level 12 in Fighting
 14516 | D:11     | 14516 ||| INVOKING Heroism.
 14582 | D:11     | 14582 ||| Stepping ~*~*~tactically~*~*~ (hiding).
 14730 | D:11     | 14730 ||| PLANNING D
 14776 | D:12     | 14776 ||| Stepping ~*~*~tactically~*~*~ (hiding).
 14805 | D:12     | 14805 ||| READING scroll of enchant armour.
 14805 | D:12     | 14805 ||| ENCHANTING +1 cloak.
 14868 | D:12     | Reached skill level 12 in Armour
 14882 | D:12     | 14882 ||| Stepping ~*~*~tactically~*~*~ (stealth).
 14891 | D:12     | 14891 ||| Stepping ~*~*~tactically~*~*~ (stealth).
 14897 | D:12     | 14897 ||| Stepping ~*~*~tactically~*~*~ (stealth).
 14917 | D:12     | 14917 ||| Stepping ~*~*~tactically~*~*~ (stealth).
 14958 | D:12     | 14958 ||| Stepping ~*~*~tactically~*~*~ (stealth).
 14987 | D:12     | 14987 ||| Stepping ~*~*~tactically~*~*~ (stealth).
 14988 | D:12     | 14988 ||| INVOKING Heroism.
 15008 | D:12     | Received a gift from Okawaru
 15016 | D:12     | 15016 ||| Stepping ~*~*~tactically~*~*~ (stealth).
 15024 | D:12     | 15024 ||| Stepping ~*~*~tactically~*~*~ (stealth).
 15047 | D:12     | 15047 ||| Stepping ~*~*~tactically~*~*~ (stealth).
 15056 | D:12     | 15056 ||| Stepping ~*~*~tactically~*~*~ (stealth).
 15058 | D:12     | 15058 ||| Stepping ~*~*~tactically~*~*~ (stealth).
 15060 | D:12     | 15060 ||| Stepping ~*~*~tactically~*~*~ (hiding).
 15079 | D:12     | 15079 ||| Stepping ~*~*~tactically~*~*~ (stealth).
 15085 | D:12     | 15085 ||| Stepping ~*~*~tactically~*~*~ (stealth).
 15086 | D:12     | 15086 ||| Stepping ~*~*~tactically~*~*~ (hiding).
 15124 | D:12     | Found a runed translucent door.
 15127 | D:12     | 15127 ||| Stepping ~*~*~tactically~*~*~ (hiding).
 15136 | D:12     | Reached ****** piety under Okawaru
 15143 | D:12     | Identified the +7 war axe of the Shallot {antimagic, rPois
                  | Str+4 Int+3} (Okawaru gifted it to you on level 12 of the
                  | Dungeon)
 15143 | D:12     | Received a gift from Okawaru
 15145 | D:12     | 15145 ||| DROPPING +7 war axe of the Shallot {antimagic,
                  | rPois Str+4 Int+3}.
 15153 | D:12     | 15153 ||| READING scroll of enchant weapon.
 15153 | D:12     | 15153 ||| ENCHANTING +3 heavy broad axe.
 15169 | D:12     | Identified the staff of air "Guezab" {rElec Will+ MP+9
                  | Dex+4}
 15170 | D:12     | Identified the +1 chain mail of the Planets {rF+ Dex+6}
 15192 | D:12     | 15192 ||| Stepping ~*~*~tactically~*~*~ (hiding).
 15229 | D:12     | 15229 ||| Stepping ~*~*~tactically~*~*~ (stealth).
 15249 | D:12     | 15249 ||| Stepping ~*~*~tactically~*~*~ (hiding).
 15253 | D:12     | 15253 ||| Stepping ~*~*~tactically~*~*~ (hiding).
 15266 | D:12     | 15266 ||| Stepping ~*~*~tactically~*~*~ (stealth).
 15268 | D:12     | 15268 ||| Stepping ~*~*~tactically~*~*~ (hiding).
 15273 | D:12     | Noticed Frances
 15274 | D:12     | 15274 ||| INVOKING Heroism.
 15275 | D:12     | 15275 ||| INVOKING Finesse.
 15277 | D:12     | 15277 ||| Stepping ~*~*~tactically~*~*~ (hiding).
 15279 | D:12     | 15279 ||| Stepping ~*~*~tactically~*~*~ (stealth).
 15286 | D:12     | Killed Frances
 15518 | D:12     | 15518 ||| UPGRADING to +1 chain mail of the Planets {rF+
                  | Dex+6}.
 15528 | D:12     | 15528 ||| READING scroll labelled AXESIH CIJO.
 15528 | D:12     | Identified a scroll of acquirement
 15528 | D:12     | 15528 ||| ACQUIRING scarf of Ehelatiy {repulsion, rC- Will+
                  | Dex+2}
 15528 | D:12     | Acquired the scarf of Ehelatiy {repulsion, rC- Will+ Dex+2}
 15530 | D:12     | 15530 ||| READING scroll labelled CEEKHL KIMIXO.
 15548 | D:13     | Noticed Urug
 15549 | D:13     | 15549 ||| INVOKING Heroism.
 15550 | D:13     | 15550 ||| INVOKING Finesse.
 15553 | D:13     | Killed Urug
 15602 | D:13     | 15602 ||| Stepping ~*~*~tactically~*~*~ (stealth).
 15606 | D:13     | 15606 ||| Stepping ~*~*~tactically~*~*~ (stealth).
 15622 | D:13     | 15622 ||| Stepping ~*~*~tactically~*~*~ (stealth).
 15761 | D:13     | Noticed Nessos
 15762 | D:13     | 15762 ||| INVOKING Finesse.
 15765 | D:13     | 15765 ||| Stepping ~*~*~tactically~*~*~ (hiding).
 15766 | D:13     | 15766 ||| Stepping ~*~*~tactically~*~*~ (hiding).
 15767 | D:13     | 15767 ||| Stepping ~*~*~tactically~*~*~ (hiding).
 15783 | D:13     | Killed Nessos
 15837 | D:13     | 15837 ||| Stepping ~*~*~tactically~*~*~ (hiding).
 15995 | D:13     | Noticed Lodul
 16001 | D:13     | Killed Lodul
 16002 | D:13     | Reached XP level 16. HP: 101/101 MP: 23/23
 16005 | D:13     | Reached skill level 6 in Dodging
 16476 | D:13     | Received a gift from Okawaru
 16648 | D:13     | 16648 ||| READING 19 scrolls of identify.
 16648 | D:13     | 16648 ||| IDENTIFYING glowing grey potion
 16690 | D:14     | 16690 ||| Stepping ~*~*~tactically~*~*~ (hiding).
 16696 | D:14     | 16696 ||| INVOKING Heroism.
 16706 | D:14     | 16706 ||| Stepping ~*~*~tactically~*~*~ (hiding).
 16764 | D:14     | 16764 ||| INVOKING Heroism.
 16817 | D:14     | 16817 ||| Stepping ~*~*~tactically~*~*~ (stealth).
 16940 | D:14     | Found a portal to a secret trove of treasure.
 17023 | D:14     | Received a gift from Okawaru
 17151 | D:14     | 17151 ||| Stepping ~*~*~tactically~*~*~ (hiding).
 17424 | D:14     | 17424 ||| INVOKING Heroism.
 17471 | D:14     | 17471 ||| INVOKING Heroism.
 17605 | D:14     | Found a gate to the Vaults.
 17896 | D:14     | 17896 ||| UPGRADING to +0 kite shield of positive energy.
 17906 | D:14     | 17906 ||| DROPPING +0 kite shield.
 17907 | D:14     | 17907 ||| DROPPING ring of willpower.
 17908 | D:14     | 17908 ||| READING scroll labelled DOTWIL OTAO.
 17955 | D:15     | Entered Level 15 of the Dungeon
 17956 | D:15     | 17956 ||| INVOKING Heroism.
 17967 | Abyss:2  | Cast into level 2 of the Abyss (a wizard)
 18031 | Abyss:2  | 18031 ||| Stepping ~*~*~tactically~*~*~ (hiding).
 18032 | Abyss:2  | 18032 ||| Stepping ~*~*~tactically~*~*~ (hiding).
 18045 | Abyss:2  | Reached skill level 13 in Shields
 18092 | Abyss:2  | Received a gift from Okawaru
 18112 | Abyss:2  | 18112 ||| Stepping ~*~*~tactically~*~*~ (hiding).
 18123 | Abyss:2  | 18123 ||| DRINKING 8 potions of curing.
 18123 | Abyss:2  | 18123 ||| (to cure confusion)
 18124 | Abyss:2  | 18124 ||| INVOKING Heroism.
 18268 | Abyss:2  | 18268 ||| Stepping ~*~*~tactically~*~*~ (stealth).
 18269 | Abyss:2  | 18269 ||| Stepping ~*~*~tactically~*~*~ (stealth).
 18353 | Abyss:2  | Found a corrupted altar of Lugonu.
 18356 | Abyss:2  | 18356 ||| DRINKING 7 potions of curing.
 18356 | Abyss:2  | 18356 ||| (to cure confusion)
 18388 | Abyss:2  | 18388 ||| Stepping ~*~*~tactically~*~*~ (stealth).
 18409 | Abyss:2  | 18409 ||| Stepping ~*~*~tactically~*~*~ (stealth).
 18465 | Abyss:2  | Gained mutation: Armour fits poorly on your strangely
                  | shaped body. [a cacodemon]
 18469 | Abyss:2  | 18469 ||| DRINKING 6 potions of curing.
 18469 | Abyss:2  | 18469 ||| (to cure confusion)
 18473 | Abyss:2  | Noticed a tentacled starspawn
 18483 | Abyss:2  | Killed a tentacled starspawn
 18492 | D:15     | Escaped the Abyss
 18493 | D:15     | 18493 ||| INVOKING Heroism.
 18508 | D:15     | 18508 ||| INVOKING Finesse.
 18543 | D:15     | 18543 ||| DRINKING potion of mutation.
 18543 | D:15     | Lost mutation: Armour fits poorly on your strangely shaped
                  | body. [potion of mutation]
 18543 | D:15     | Gained mutation: You sometimes lose your temper in combat.
                  | [potion of mutation]
 18556 | D:15     | Found a staircase to the Depths.
 18599 | D:15     | Found a bloodstained altar of Trog.
 18615 | D:15     | 18615 ||| INVOKING Heroism.
 18616 | D:15     | 18616 ||| INVOKING Finesse.
 18621 | D:15     | 18621 ||| SWAPPING to +0 hand axe of flaming.
 18625 | D:15     | Received a gift from Okawaru
 18626 | D:15     | 18626 ||| SWAPPING to +4 heavy broad axe.
 18717 | D:15     | 18717 ||| INVOKING Heroism.
 18718 | D:15     | 18718 ||| INVOKING Finesse.
 18798 | D:15     | 18798 ||| Stepping ~*~*~tactically~*~*~ (hiding).
 18803 | D:15     | 18803 ||| Stepping ~*~*~tactically~*~*~ (hiding).
 18915 | D:15     | Found a shadowy altar of Dithmenos.
 19010 | D:15     | 19010 ||| INVOKING Heroism.
 19207 | D:15     | 19207 ||| PLANNING ORC
 19340 | Orc:1    | Entered Level 1 of the Orcish Mines
 19370 | Orc:1    | 19370 ||| DRINKING 6 potions of curing.
 19370 | Orc:1    | 19370 ||| (to cure confusion)
 19375 | Orc:1    | 19375 ||| Stepping ~*~*~tactically~*~*~ (hiding).
 19376 | Orc:1    | 19376 ||| Stepping ~*~*~tactically~*~*~ (hiding).
 19473 | Orc:1    | 19473 ||| Stepping ~*~*~tactically~*~*~ (hiding).
 19474 | Orc:1    | 19474 ||| Stepping ~*~*~tactically~*~*~ (hiding).
 19475 | Orc:1    | 19475 ||| Stepping ~*~*~tactically~*~*~ (hiding).
 19498 | Orc:1    | 19498 ||| Stepping ~*~*~tactically~*~*~ (hiding).
 19499 | Orc:1    | 19499 ||| Stepping ~*~*~tactically~*~*~ (hiding).
 19589 | Orc:1    | 19589 ||| Stepping ~*~*~tactically~*~*~ (stealth).
 19618 | Orc:1    | 19618 ||| Stepping ~*~*~tactically~*~*~ (hiding).
 19635 | Orc:1    | 19635 ||| Stepping ~*~*~tactically~*~*~ (hiding).
 19655 | Orc:1    | 19655 ||| Stepping ~*~*~tactically~*~*~ (stealth).
 19984 | Orc:2    | Entered Level 2 of the Orcish Mines
 20297 | Orc:2    | Found a staircase to the Elven Halls.
 20318 | Orc:2    | 20318 ||| DRINKING 5 potions of curing.
 20318 | Orc:2    | 20318 ||| (to cure confusion)
 20344 | Orc:2    | 20344 ||| Stepping ~*~*~tactically~*~*~ (stealth).
 20345 | Orc:2    | 20345 ||| Stepping ~*~*~tactically~*~*~ (hiding).
 20347 | Orc:2    | 20347 ||| Stepping ~*~*~tactically~*~*~ (hiding).
 20348 | Orc:2    | 20348 ||| Stepping ~*~*~tactically~*~*~ (hiding).
 20365 | Orc:2    | 20365 ||| PLANNING ORC
 20366 | Orc:2    | 20366 ||| PLANNING ORC
 20366 | Orc:2    | 20366 ||| PLANNING ORC
 20570 | Orc:2    | 20570 ||| DRINKING potion of mutation.
 20570 | Orc:2    | Lost mutation: You sometimes lose your temper in combat.
                  | [potion of mutation]
 20570 | Orc:2    | Gained mutation: You are covered in fur. (AC +1) [potion of
                  | mutation]
 20570 | Orc:2    | Gained mutation: You expend magic power (3 MP) to
                  | strengthen your wands. [potion of mutation]
 20640 | Orc:2    | Found Zutyr's General Store.
 20653 | Orc:2    | 20653 ||| INVOKING Heroism.
 20660 | Orc:2    | Found Fazedyro's Distillery.
 20705 | Orc:2    | 20705 ||| BUYING potion of experience (700 gold).
 20705 | Orc:2    | Bought a potion of experience for 700 gold pieces
 20705 | Orc:2    | 20705 ||| DRINKING potion of experience.
 20705 | Orc:2    | Reached XP level 17. HP: 108/108 MP: 24/24
 20708 | Orc:2    | 20708 ||| BUYING potion of curing (33 gold).
 20708 | Orc:2    | Bought a potion of curing for 33 gold pieces
 20708 | Orc:2    | 20708 ||| BUYING potion of curing (33 gold).
 20708 | Orc:2    | Bought a potion of curing for 33 gold pieces
 20708 | Orc:2    | 20708 ||| BUYING potion of curing (33 gold).
 20708 | Orc:2    | Bought a potion of curing for 33 gold pieces
 20708 | Orc:2    | 20708 ||| BUYING potion of magic (88 gold).
 20708 | Orc:2    | Bought a potion of magic for 88 gold pieces
 20708 | Orc:2    | 20708 ||| BUYING potion of magic (88 gold).
 20708 | Orc:2    | Bought a potion of magic for 88 gold pieces
 20708 | Orc:2    | 20708 ||| BUYING potion of mutation (88 gold).
 20708 | Orc:2    | Bought a potion of mutation for 88 gold pieces
 20708 | Orc:2    | 20708 ||| BUYING potion of mutation (88 gold).
 20708 | Orc:2    | Bought a potion of mutation for 88 gold pieces
 20708 | Orc:2    | 20708 ||| BUYING potion of resistance (110 gold).
 20708 | Orc:2    | Bought a potion of resistance for 110 gold pieces
 20715 | Orc:2    | 20715 ||| Stepping ~*~*~tactically~*~*~ (stealth).
 20774 | Orc:2    | 20774 ||| INVOKING Heroism.
 20779 | Orc:2    | Reached XP level 18. HP: 77/114 MP: 23/25
 20810 | Orc:2    | 20810 ||| INVOKING Heroism.
 20862 | Orc:2    | 20862 ||| DROPPING +0 hand axe of flaming.
 20892 | Orc:2    | Found Voumarch's Antique Armour Emporium.
 20892 | Orc:2    | Found Peiruetu's Jewellery Shoppe.
 20893 | Orc:2    | Found a one-way gate leading to the halls of Pandemonium.
 20895 | Orc:2    | 20895 ||| BUYING runed cloak (247 gold).
 20895 | Orc:2    | Bought a runed cloak for 247 gold pieces
 20895 | Orc:2    | 20895 ||| BUYING runed cloak (247 gold).
 20895 | Orc:2    | Bought a runed cloak for 247 gold pieces
 20897 | Orc:2    | 20897 ||| SHOPLISTING ring of fire (450 gold, have 218).
 20897 | Orc:2    | 20897 ||| SHOPLISTING ring of the Octopus King {rCorr HP+2
                  | AC+2 EV+2 SH+2} (1015 gold, have 218).
 20939 | Orc:2    | Found a radiant altar of Vehumet.
 21093 | Orc:2    | 21093 ||| PLANNING SWAMP:1-3
 21093 | Orc:2    | 21093 ||| PLANNING LAIR
 21093 | Orc:2    | 21093 ||| DROPPING +1 cloak.
 21094 | Orc:2    | 21094 ||| UPGRADING to +1 cloak of willpower.
 21104 | Orc:2    | 21104 ||| READING 2 scrolls of enchant armour.
 21104 | Orc:2    | 21104 ||| ENCHANTING +1 cloak of willpower.
 21105 | Orc:2    | 21105 ||| DROPPING +2 cloak.
 21375 | Lair:5   | 21375 ||| PLANNING SWAMP:1-3
 21420 | Swamp:1  | Entered Level 1 of the Swamp
 21454 | Swamp:1  | 21454 ||| Stepping ~*~*~tactically~*~*~ (stealth).
 21465 | Swamp:1  | 21465 ||| INVOKING Heroism.
 21473 | Swamp:1  | Reached skill level 18 in Axes
 21488 | Swamp:1  | Found a frozen archway.
 21534 | Swamp:1  | 21534 ||| Stepping ~*~*~tactically~*~*~ (stealth).
 21540 | Swamp:1  | 21540 ||| INVOKING Heroism.
 21692 | Swamp:1  | 21692 ||| INVOKING Heroism.
 21738 | Swamp:1  | 21738 ||| Stepping ~*~*~tactically~*~*~ (hiding).
 21742 | Swamp:1  | 21742 ||| Stepping ~*~*~tactically~*~*~ (hiding).
 21863 | Swamp:1  | Received a gift from Okawaru
 21869 | Swamp:1  | 21869 ||| DROPPING +1 broad axe of venom.
 22021 | Swamp:2  | 22021 ||| INVOKING Heroism.
 22026 | Swamp:2  | You are sucked into a shaft and drop 1 floor!
 22039 | Swamp:3  | HP: 20/114 [bunyip (22)]
 22040 | Swamp:3  | 22040 ||| READING 24 scrolls of teleportation.
 22041 | Swamp:3  | 22041 ||| DRINKING 4 potions of heal wounds.
 22160 | Swamp:3  | 22160 ||| Stepping ~*~*~tactically~*~*~ (hiding).
 22222 | Swamp:3  | 22222 ||| Stepping ~*~*~tactically~*~*~ (stealth).
 22223 | Swamp:3  | 22223 ||| INVOKING Heroism.
 22224 | Swamp:3  | 22224 ||| INVOKING Finesse.
 22270 | Swamp:3  | 22270 ||| Stepping ~*~*~tactically~*~*~ (hiding).
 22273 | Swamp:3  | 22273 ||| INVOKING Heroism.
 22274 | Swamp:3  | 22274 ||| INVOKING Finesse.
 22284 | Swamp:3  | 22284 ||| Stepping ~*~*~tactically~*~*~ (hiding).
 22291 | Swamp:3  | 22291 ||| Stepping ~*~*~tactically~*~*~ (hiding).
 22317 | Swamp:3  | 22317 ||| Stepping ~*~*~tactically~*~*~ (stealth).
 22327 | Swamp:3  | 22327 ||| INVOKING Finesse.
 22333 | Swamp:3  | 22333 ||| INVOKING Heroism.
 22393 | Swamp:3  | 22393 ||| INVOKING Heroism.
 22394 | Swamp:3  | 22394 ||| INVOKING Finesse.
 22445 | Swamp:3  | 22445 ||| Stepping ~*~*~tactically~*~*~ (hiding).
 22447 | Swamp:3  | 22447 ||| Stepping ~*~*~tactically~*~*~ (hiding).
 22555 | Swamp:3  | 22555 ||| Stepping ~*~*~tactically~*~*~ (hiding).
 22559 | Swamp:3  | 22559 ||| INVOKING Heroism.
 22637 | Swamp:2  | Received a gift from Okawaru
 22640 | Swamp:2  | 22640 ||| INVOKING Heroism.
 22704 | Swamp:2  | Reached skill level 14 in Shields
 22717 | Swamp:2  | 22717 ||| INVOKING Heroism.
 22728 | Swamp:2  | 22728 ||| Stepping ~*~*~tactically~*~*~ (cloud).
 22736 | Swamp:2  | 22736 ||| INVOKING Heroism.
 22765 | Swamp:2  | 22765 ||| Stepping ~*~*~tactically~*~*~ (stealth).
 22771 | Swamp:2  | 22771 ||| Stepping ~*~*~tactically~*~*~ (stealth).
 22774 | Swamp:2  | 22774 ||| Stepping ~*~*~tactically~*~*~ (hiding).
 22779 | Swamp:2  | 22779 ||| INVOKING Heroism.
 23010 | Swamp:2  | 23010 ||| Stepping ~*~*~tactically~*~*~ (hiding).
 23011 | Swamp:2  | 23011 ||| Stepping ~*~*~tactically~*~*~ (hiding).
 23014 | Swamp:2  | 23014 ||| Stepping ~*~*~tactically~*~*~ (hiding).
 23363 | Swamp:2  | 23363 ||| PLANNING SWAMP:1-3
 23400 | Swamp:2  | 23400 ||| INVOKING Heroism.
 23425 | Swamp:2  | 23425 ||| INVOKING Heroism.
 23519 | Swamp:3  | 23519 ||| Stepping ~*~*~tactically~*~*~ (hiding).
 23521 | Swamp:3  | 23521 ||| Stepping ~*~*~tactically~*~*~ (hiding).
 23522 | Swamp:3  | 23522 ||| Stepping ~*~*~tactically~*~*~ (hiding).
 23523 | Swamp:3  | 23523 ||| Stepping ~*~*~tactically~*~*~ (hiding).
 23533 | Swamp:3  | 23533 ||| Stepping ~*~*~tactically~*~*~ (cloud).
 23584 | Swamp:3  | 23584 ||| INVOKING Heroism.
 23593 | Swamp:3  | Reached skill level 15 in Fighting
 23895 | Swamp:3  | 23895 ||| PLANNING SPIDER:1-3
 24015 | Spider:1 | Entered Level 1 of the Spider Nest
 24027 | Spider:1 | Received a gift from Okawaru
 24048 | Spider:1 | 24048 ||| INVOKING Heroism.
 24206 | Spider:1 | 24206 ||| INVOKING Heroism.
 24276 | Spider:1 | 24276 ||| INVOKING Heroism.
 24356 | Spider:1 | 24356 ||| INVOKING Heroism.
 24366 | Spider:1 | Reached XP level 19. HP: 91/124 MP: 24/26
 24627 | Spider:1 | Received a gift from Okawaru
 24632 | Spider:1 | 24632 ||| Stepping ~*~*~tactically~*~*~ (stealth).
 24641 | Spider:1 | 24641 ||| Stepping ~*~*~tactically~*~*~ (stealth).
 24692 | Spider:1 | 24692 ||| INVOKING Heroism.
 25013 | Spider:1 | 25013 ||| INVOKING Heroism.
 25041 | Spider:2 | Reached skill level 9 in Dodging
 25387 | Spider:2 | 25387 ||| Stepping ~*~*~tactically~*~*~ (stealth).
 25549 | Spider:2 | 25549 ||| Stepping ~*~*~tactically~*~*~ (stealth).
 25568 | Spider:2 | Identified the +2 morningstar of the Leaping Goat {flame,
                  | rPois}
 25580 | Spider:2 | 25580 ||| Stepping ~*~*~tactically~*~*~ (stealth).
 25582 | Spider:2 | 25582 ||| Stepping ~*~*~tactically~*~*~ (stealth).
 25671 | Spider:2 | 25671 ||| INVOKING Heroism.
 25672 | Spider:2 | You are sucked into a shaft and drop 1 floor!
 25678 | Spider:3 | Reached skill level 15 in Shields
 25816 | Spider:3 | 25816 ||| Stepping ~*~*~tactically~*~*~ (hiding).
 25846 | Spider:3 | Noticed Jorgrun
 25847 | Spider:3 | 25847 ||| Stepping ~*~*~tactically~*~*~ (hiding).
 25857 | Spider:3 | Killed Jorgrun
 26049 | Spider:3 | 26049 ||| Stepping ~*~*~tactically~*~*~ (stealth).
 26050 | Spider:3 | 26050 ||| Stepping ~*~*~tactically~*~*~ (stealth).
 26078 | Spider:3 | Identified the +1 leather armour of the Spheres {+Inv}
 26109 | Spider:3 | 26109 ||| Stepping ~*~*~tactically~*~*~ (hiding).
 26185 | Spider:3 | 26185 ||| Stepping ~*~*~tactically~*~*~ (stealth).
 26187 | Spider:3 | Noticed Asterion
 26188 | Spider:3 | 26188 ||| Stepping ~*~*~tactically~*~*~ (hiding).
 26195 | Spider:3 | 26195 ||| INVOKING Heroism.
 26196 | Spider:3 | 26196 ||| Stepping ~*~*~tactically~*~*~ (stealth).
 26207 | Spider:3 | Killed Asterion
 26223 | Spider:3 | 26223 ||| INVOKING Heroism.
 26519 | Spider:3 | 26519 ||| Stepping ~*~*~tactically~*~*~ (stealth).
 26526 | Spider:3 | 26526 ||| Stepping ~*~*~tactically~*~*~ (stealth).
 26767 | Spider:3 | 26767 ||| Stepping ~*~*~tactically~*~*~ (stealth).
 26772 | Spider:3 | 26772 ||| Stepping ~*~*~tactically~*~*~ (stealth).
 26926 | Spider:3 | 26926 ||| PLANNING SWAMP:4
 27064 | Swamp:4  | Entered Level 4 of the Swamp
 27067 | Swamp:4  | 27067 ||| INVOKING Heroism.
 27100 | Swamp:4  | 27100 ||| INVOKING Heroism.
 27117 | Swamp:4  | HP: 25/127 [swamp dragon[a spriggan druid] (8)]
 27118 | Swamp:4  | 27118 ||| READING 27 scrolls of teleportation.
 27119 | Swamp:4  | 27119 ||| DRINKING 6 potions of heal wounds.
 27244 | Swamp:4  | Noticed contendunt's ghost (adept MiFi)
 27254 | Swamp:4  | Found a transporter.
 27285 | Swamp:4  | Found a transporter.
 27315 | Swamp:4  | 27315 ||| Stepping ~*~*~tactically~*~*~ (cloud).
 27345 | Swamp:4  | 27345 ||| Stepping ~*~*~tactically~*~*~ (hiding).
 27381 | Swamp:4  | Identified the +8 glaive "Waelal" {chaos, rC+} (Okawaru
                  | gifted it to you on level 4 of the Swamp)
 27381 | Swamp:4  | Received a gift from Okawaru
 27414 | Swamp:4  | 27414 ||| Stepping ~*~*~tactically~*~*~ (hiding).
 27416 | Swamp:4  | 27416 ||| Stepping ~*~*~tactically~*~*~ (hiding).
 27657 | Swamp:4  | 27657 ||| Stepping ~*~*~tactically~*~*~ (stealth).
 27672 | Swamp:4  | 27672 ||| Stepping ~*~*~tactically~*~*~ (hiding).
 27674 | Swamp:4  | 27674 ||| Stepping ~*~*~tactically~*~*~ (hiding).
 27683 | Swamp:4  | 27683 ||| Stepping ~*~*~tactically~*~*~ (stealth).
 27684 | Swamp:4  | 27684 ||| Stepping ~*~*~tactically~*~*~ (hiding).
 27684 | Swamp:4  | Noticed Louise
 27689 | Swamp:4  | 27689 ||| INVOKING Heroism.
 27707 | Swamp:4  | 27707 ||| INVOKING Heroism.
 27710 | Swamp:4  | Killed Louise
 27791 | Swamp:4  | 27791 ||| Stepping ~*~*~tactically~*~*~ (stealth).
 27793 | Swamp:4  | 27793 ||| Stepping ~*~*~tactically~*~*~ (stealth).
 27795 | Swamp:4  | 27795 ||| Stepping ~*~*~tactically~*~*~ (stealth).
 27797 | Swamp:4  | 27797 ||| Stepping ~*~*~tactically~*~*~ (stealth).
 27798 | Swamp:4  | Noticed a tentacled monstrosity
 27799 | Swamp:4  | 27799 ||| Stepping ~*~*~tactically~*~*~ (hiding).
 27804 | Swamp:4  | 27804 ||| INVOKING Heroism.
 27805 | Swamp:4  | 27805 ||| INVOKING Finesse.
 27817 | Swamp:4  | Killed a tentacled monstrosity
 27839 | Swamp:4  | Reached XP level 20. HP: 126/134 MP: 23/27
 27876 | Swamp:4  | Got a decaying rune of Zot
 27894 | Swamp:4  | 27894 ||| Stepping ~*~*~tactically~*~*~ (hiding).
 28101 | Swamp:4  | 28101 ||| UPGRADING to +0 tower shield.
 28111 | Swamp:4  | 28111 ||| DROPPING +0 kite shield of positive energy.
 28212 | Swamp:4  | 28212 ||| READING 26 scrolls of teleportation.
 28217 | Swamp:4  | 28217 ||| READING 25 scrolls of teleportation.
 28220 | Swamp:4  | 28220 ||| READING 24 scrolls of teleportation.
 28223 | Swamp:4  | 28223 ||| READING 23 scrolls of teleportation.
 28228 | Swamp:4  | 28228 ||| READING 22 scrolls of teleportation.
 28277 | Swamp:4  | 28277 ||| READING 21 scrolls of teleportation.
 28281 | Swamp:4  | 28281 ||| READING 20 scrolls of teleportation.
 28285 | Swamp:4  | 28285 ||| READING 19 scrolls of teleportation.
 28288 | Swamp:4  | 28288 ||| READING 18 scrolls of teleportation.
 28292 | Swamp:4  | 28292 ||| READING 17 scrolls of teleportation.
 28297 | Swamp:4  | 28297 ||| PLANNING SWAMP:4
 28297 | Swamp:4  | 28297 ||| READING 16 scrolls of teleportation.
 28300 | Swamp:4  | 28300 ||| READING 15 scrolls of teleportation.
 28305 | Swamp:4  | 28305 ||| READING 14 scrolls of teleportation.
 28310 | Swamp:4  | 28310 ||| READING 13 scrolls of teleportation.
 28314 | Swamp:4  | 28314 ||| READING 12 scrolls of teleportation.
 28318 | Swamp:4  | 28318 ||| READING 11 scrolls of teleportation.
 28319 | Swamp:4  | 28319 ||| PLANNING SWAMP:4
 28319 | Swamp:4  | 28319 ||| PLANNING VAULTS:1-4
 28566 | Vaults:1 | Entered Level 1 of the Vaults
 28567 | Vaults:1 | 28567 ||| PLANNING WIZLAB
 28572 | Vaults:1 | Received a gift from Okawaru
 28589 | Vaults:1 | 28589 ||| INVOKING Finesse.
 28594 | Vaults:1 | Reached skill level 16 in Shields
 28596 | Vaults:1 | Received a gift from Okawaru
 28774 | Vaults:1 | 28774 ||| Stepping ~*~*~tactically~*~*~ (stealth).
 28796 | Vaults:1 | Received a gift from Okawaru
 28811 | Vaults:1 | 28811 ||| Stepping ~*~*~tactically~*~*~ (stealth).
 28812 | Vaults:1 | 28812 ||| Stepping ~*~*~tactically~*~*~ (stealth).
 28825 | Vaults:1 | Reached skill level 17 in Shields
 28893 | Vaults:1 | 28893 ||| Stepping ~*~*~tactically~*~*~ (hiding).
 28894 | Vaults:1 | 28894 ||| Stepping ~*~*~tactically~*~*~ (hiding).
 29011 | Vaults:1 | 29011 ||| Stepping ~*~*~tactically~*~*~ (hiding).
 29012 | Vaults:1 | 29012 ||| Stepping ~*~*~tactically~*~*~ (hiding).
 29269 | Vaults:1 | 29269 ||| RIP WIZLAB
 29278 | Vaults:1 | 29278 ||| PLANNING VAULTS:1-4
 29278 | Vaults:1 | 29278 ||| Stepping ~*~*~tactically~*~*~ (stealth).
 29280 | Vaults:1 | 29280 ||| Stepping ~*~*~tactically~*~*~ (hiding).
 29284 | Vaults:1 | 29284 ||| Stepping ~*~*~tactically~*~*~ (hiding).
 29305 | Vaults:1 | 29305 ||| Stepping ~*~*~tactically~*~*~ (hiding).
 29309 | Vaults:1 | 29309 ||| Stepping ~*~*~tactically~*~*~ (hiding).
 29428 | Vaults:1 | Found Vakli's Distillery.
 29433 | Vaults:1 | 29433 ||| SHOPLISTING 2 potions of experience (1700 gold,
                  | have 997).
 29433 | Vaults:1 | 29433 ||| BUYING potion of curing (51 gold).
 29433 | Vaults:1 | Bought a potion of curing for 51 gold pieces
 29433 | Vaults:1 | 29433 ||| BUYING potion of curing (51 gold).
 29433 | Vaults:1 | Bought a potion of curing for 51 gold pieces
 29433 | Vaults:1 | 29433 ||| BUYING potion of might (68 gold).
 29433 | Vaults:1 | Bought a potion of might for 68 gold pieces
 29708 | Vaults:1 | 29708 ||| Stepping ~*~*~tactically~*~*~ (hiding).
 29717 | Vaults:1 | 29717 ||| INVOKING Heroism.
 29883 | Vaults:1 | 29883 ||| Stepping ~*~*~tactically~*~*~ (stealth).
 29884 | Vaults:1 | 29884 ||| Stepping ~*~*~tactically~*~*~ (stealth).
 29885 | Vaults:1 | 29885 ||| Stepping ~*~*~tactically~*~*~ (stealth).
 29889 | Vaults:1 | 29889 ||| Stepping ~*~*~tactically~*~*~ (stealth).
 30043 | Vaults:1 | 30043 ||| DROPPING +1 pair of boots.
 30107 | Vaults:2 | Reached skill level 18 in Shields
 30107 | Vaults:2 | Received a gift from Okawaru
 30121 | Vaults:2 | You are sucked into a shaft and drop 1 floor!
 30131 | Vaults:3 | Found Ivvaor Zuag's Book Shoppe.
 30275 | Vaults:2 | 30275 ||| INVOKING Heroism.
 30276 | Vaults:2 | 30276 ||| INVOKING Finesse.
 30278 | Vaults:2 | Received a gift from Okawaru
 30404 | Vaults:2 | Received a gift from Okawaru
 30444 | Vaults:2 | Reached skill level 19 in Shields
 30447 | Vaults:2 | 30447 ||| INVOKING Heroism.
 30448 | Vaults:2 | 30448 ||| INVOKING Finesse.
 30452 | Vaults:2 | Received a gift from Okawaru
 30662 | Vaults:2 | 30662 ||| INVOKING Heroism.
 30671 | Vaults:2 | Reached XP level 21. HP: 139/139 MP: 26/28
 30706 | Vaults:2 | 30706 ||| Stepping ~*~*~tactically~*~*~ (stealth).
 30715 | Vaults:2 | Received a gift from Okawaru
 30740 | Vaults:2 | 30740 ||| Stepping ~*~*~tactically~*~*~ (stealth).
 30741 | Vaults:2 | 30741 ||| Stepping ~*~*~tactically~*~*~ (stealth).
 30753 | Vaults:2 | Noticed Margery
 30763 | Vaults:2 | 30763 ||| INVOKING Heroism.
 30767 | Vaults:2 | Killed Margery
 30767 | Vaults:2 | Received a gift from Okawaru
 30776 | Vaults:2 | Reached skill level 15 in Armour
 30816 | Vaults:2 | 30816 ||| READING scroll of enchant weapon.
 30816 | Vaults:2 | 30816 ||| ENCHANTING +4 heavy broad axe.
 30828 | Vaults:2 | 30828 ||| READING scroll of enchant weapon.
 30828 | Vaults:2 | 30828 ||| ENCHANTING +5 heavy broad axe.
 30996 | Vaults:2 | 30996 ||| Stepping ~*~*~tactically~*~*~ (hiding).
 31117 | Vaults:2 | Noticed Zenata
 31118 | Vaults:2 | 31118 ||| INVOKING Heroism.
 31119 | Vaults:2 | 31119 ||| INVOKING Finesse.
 31129 | Vaults:2 | Killed Zenata
 31261 | Vaults:2 | Identified the +1 leather armour "Penotog" {*Corrode rPois
                  | rC+}
 31363 | Vaults:2 | 31363 ||| Stepping ~*~*~tactically~*~*~ (stealth).
 31524 | Vaults:2 | Identified the +3 kite shield "Daafrenamo" {Will+ rCorr
                  | Str-2 Stlth+} (Okawaru gifted it to you on level 2 of the
                  | Vaults)
 31524 | Vaults:2 | Received a gift from Okawaru
 31562 | Vaults:2 | Reached skill level 18 in Fighting
 31958 | Vaults:3 | Found Mufiadosm's Book Boutique.
 32090 | Vaults:3 | 32090 ||| INVOKING Heroism.
 32257 | Vaults:3 | Reached skill level 20 in Shields
 32257 | Vaults:3 | 32257 ||| INVOKING Finesse.
 32276 | Vaults:3 | 32276 ||| Stepping ~*~*~tactically~*~*~ (hiding).
 32317 | Vaults:3 | Found a staircase to the Crypt.
 32445 | Vaults:3 | 32445 ||| Stepping ~*~*~tactically~*~*~ (hiding).
 32447 | Vaults:3 | 32447 ||| Stepping ~*~*~tactically~*~*~ (hiding).
 32454 | Vaults:3 | 32454 ||| INVOKING Heroism.
 32627 | Vaults:3 | Found Poklyan's Armour Boutique.
 32724 | Vaults:3 | Reached skill level 9 in Throwing
 32964 | Vaults:3 | 32964 ||| INVOKING Heroism.
 32983 | Vaults:3 | HP: 27/141 [tengu reaver/bolt of cold (19)]
 32984 | Vaults:3 | 32984 ||| READING 12 scrolls of teleportation.
 32985 | Vaults:3 | 32985 ||| DRINKING 5 potions of heal wounds.
 32986 | Vaults:3 | 32986 ||| INVOKING Heroism.
 33269 | Vaults:3 | 33269 ||| INVOKING Heroism.
 33464 | Vaults:3 | 33464 ||| DROPPING amulet of the acrobat.
 33535 | Vaults:4 | 33535 ||| DRINKING 16 potions of curing.
 33535 | Vaults:4 | 33535 ||| (to cure confusion)
 33560 | Vaults:4 | 33560 ||| Stepping ~*~*~tactically~*~*~ (hiding).
 33634 | Vaults:4 | Received a gift from Okawaru
 33808 | Vaults:4 | 33808 ||| Stepping ~*~*~tactically~*~*~ (stealth).
 33810 | Vaults:4 | 33810 ||| Stepping ~*~*~tactically~*~*~ (stealth).
 33816 | Vaults:4 | Reached XP level 22. HP: 147/147 MP: 29/29
 33847 | Vaults:4 | Found Kyol Pev's Magic Scroll Shoppe.
 33855 | Vaults:4 | 33855 ||| BUYING scroll of brand weapon (209 gold).
 33855 | Vaults:4 | Bought a scroll of brand weapon for 209 gold pieces
 33855 | Vaults:4 | 33855 ||| BUYING scroll of enchant armour (165 gold).
 33855 | Vaults:4 | Bought a scroll of enchant armour for 165 gold pieces
 33855 | Vaults:4 | 33855 ||| BUYING scroll of teleportation (66 gold).
 33855 | Vaults:4 | Bought a scroll of teleportation for 66 gold pieces
 33855 | Vaults:4 | 33855 ||| READING scroll of brand weapon.
 33855 | Vaults:4 | 33855 ||| BRANDING +6 heavy broad axe.
 33901 | Vaults:4 | 33901 ||| Stepping ~*~*~tactically~*~*~ (hiding).
 33979 | Vaults:4 | 33979 ||| INVOKING Heroism.
 33979 | Vaults:4 | HP: 32/148 [slime creature (13)]
 33980 | Vaults:4 | 33980 ||| READING 12 scrolls of teleportation.
 33981 | Vaults:4 | 33981 ||| DRINKING 4 potions of heal wounds.
 33983 | Vaults:4 | Paralysed by a great orb of eyes for 2 turns
 33984 | Vaults:4 | HP: 31/148 [dire elephant (7)]
 33986 | Vaults:4 | 33986 ||| DRINKING 15 potions of curing.
 33986 | Vaults:4 | 33986 ||| (to cure confusion)
 33990 | Vaults:4 | 33990 ||| READING 11 scrolls of teleportation.
 33991 | Vaults:4 | 33991 ||| DRINKING 3 potions of heal wounds.
 34025 | Vaults:4 | 34025 ||| INVOKING Heroism.
 34036 | Vaults:4 | HP: 37/148 [slime creature simulacrum[a necromancer] (6)]
 34036 | Vaults:4 | HP: 7/148 [slime creature simulacrum[a necromancer] (30)]
 34036 | Vaults:4 | HP: 3/148 [ironbound thunderhulk/bolt of lightning (4)]
 34037 | Vaults:4 | 34037 ||| READING 10 scrolls of teleportation.
 34037 | Vaults:4 | Killed from afar by an ironbound thunderhulk

Levels and vault maps discovered:
D:1:      ncdulo_halloftheorcs, layout_basic,
          hellmonk_ecumenical_altar_prayer_group
D:2:      layout_rooms, basic_altar
D:3:      minmay_roachtagon, layout_loops_ring,
          mainiacjoe_overflow_tiny_flanked, grunt_ministairs_3, st_stairs_5,
          uniq_ijyb
D:4:      minmay_opposing_rooms, layout_rooms, okawaru_trees_2, slow_altar_1
D:5:      layout_basic, minitemple
D:6:      layout_basic, minmay_temple_entry_nine_rooms, serial_shops, shop,
          uniq_sigmund
D:7:      layout_loops_corners, overflow_temple_1_default, serial_shops,
          nicolae_shop_tiny_waterfront, grunt_decor_mini_mirrors,
          bh_walls_and_bars, uniq_pikel, uniq_crazy_yiuf_cottage
D:8:      layout_basic, lemuel_round_altar, mainiacjoe_overflow_alcove_4,
          nzn_life_drinkers, uniq_psyche
D:9:      layout_small_grid, orc_0_dummy, serial_shops, nicolae_shop_rolled_up,
          minmay_shattered_shrine
D:10:     erik_cavepeople, layout_basic, minmay_lair_entry_grove, serial_shops,
          nicolae_shop_advertising_works [nicolae_subvault_shop_adworks]
D:11:     nzn_winding_woodlands_medium [nzn_winding_woodlands_5x5_cross,
          nzn_winding_woodlands_5x15_pockets,
          nzn_winding_woodlands_5x5_open_star, nzn_winding_woodlands_5x5_three,
          nzn_winding_woodlands_center_pierced_h,
          nzn_winding_woodlands_hourglass,
          nzn_winding_woodlands_5x5_checkerboard,
          nzn_winding_woodlands_5x15_cabin,
          nzn_winding_woodlands_5x5_perimeter], layout_long_grid
D:12:     minmay_the_grid_triangle_9x9_rhombus_full_mashed
          [minmay_the_grid_triangle_9x9_wacky_v,
          minmay_the_grid_triangle_9x9_skeleton,
          minmay_the_grid_triangle_9x9_empty,
          minmay_the_grid_triangle_9x9_stretched_checkered,
          minmay_the_grid_triangle_9x9_subtriangle,
          minmay_the_grid_triangle_9x9_windchime,
          minmay_the_grid_triangle_9x9_cache,
          minmay_the_grid_triangle_9x9_prize_center], layout_cave_pools,
          uniq_frances
D:13:     layout_cave_pods, hangedman_abyss_or_decor_passed, uniq_urug,
          uniq_lodul, uniq_nessos
D:14:     layout_basic, david_vaults_4, nicolae_trove_entry_isolated,
          minmay_misc_feat_x
D:15:     hangedman_depths_entry_civil_slaughter, layout_irregular_city,
          bloody_trog, minmay_tree_intersection, grunt_dithmenos_shadows
Lair:1:   layout_small_grid
Lair:2:   layout_regular_city, spider_nest_entry_funnel_web, uniq_gastronok
Lair:3:   layout_roguey, minmay_swamp_entry_wisps, dreamdust_deal_with_the_devil
Lair:4:   layout_hall_layers, grunt_megastairs_5, serial_bayou_shore_b
Lair:5:   hellmonk_lair_end_abyssal_woods, layout_regular_city, slime_entry_2,
          serial_bayou_pond_a
Swamp:1:  layout_falls_marsh, portal_ice_cave_entry_pillars_1,
          evilmike_swamp_ruin_house_4
Swamp:2:  layout_falls_marsh, nicolae_swamp_little_swirl
Swamp:3:  nicolae_swamp_phyte_club, layout_basic_swamp,
          evilmike_swamp_ruin_rubble_2, swamp_pool4
Swamp:4:  swamp_vile, layout_basic_swamp, gammafunk_ghost_berserking_beasts,
          infiniplex_staircase_pool, uniq_louise
Spider:1: layout_spider_delve, nicolae_spider_wall_of_niches
Spider:2: layout_spider_delve, hangedman_spider_tarantella_strand
Spider:3: layout_spider_delve, uniq_jorgrun, uniq_asterion
Orc:1:    layout_diamond_mine, guppyfry_library_mini
Orc:2:    pf_orc_diabolical, layout_caves, basic_altar, elves_outpost_lemuel
Vaults:1: infiniplex_enter_wizlab_spiral, ontoclasm_vaults_shout, v_misc_26,
          hangedman_vaults_capsules, v_misc_17, ontoclasm_vaults_twist,
          nicolae_vaults_little_squares_1, nicolae_vaults_trapezoid_lopsided_2,
          serial_ice_h, nicolae_vaults_trapezoid_lopsided_2,
          hangedman_vaults_nodes, nicolae_vaults_closet_pinwheel_1,
          nicolae_vaults_tetromino_Z_2, layout_vaults_maze_bifur, serial_shops,
          shop
Vaults:2: nicolae_vaults_shrinking_rooms_2, nicolae_vaults_network_s,
          nicolae_vaults_ring_of_whatevers, nicolae_vaults_network_star,
          hangedman_vaults_snaps, ontoclasm_vaults_fault,
          ontoclasm_vaults_ring_square, v_alt_pattern_5,
          nicolae_vaults_little_ls, serial_ice_b, nicolae_vaults_sightless_eye,
          nicolae_vaults_house_2, nicolae_vaults_apartment_1,
          layout_vaults_big_room, uniq_zenata, uniq_margery
Vaults:3: grunt_vaults_trifunnel, minmay_crypt_entry_simple_statues,
          ontoclasm_vaults_pinch, nicolae_vaults_three_branches, v_misc_15,
          nicolae_vaults_big_ls, v_rooms_5, vaults_mumra_minichess_inversion,
          vaults_room_fours, layout_vaults_quadrants, serial_shops,
          nicolae_shop_statue_plus, shop, shop
Vaults:4: nicolae_vaults_loss_of_containment, grunt_vaults_bifocal,
          vaults_mumra_hex, nicolae_vaults_storage_closets_3,
          nicolae_vaults_diamond_1, v_alt_pattern_4, grunt_vaults_hallway_long,
          dpeg_vaults_monster_box, layout_vaults_omnicross, serial_shops,
          nicolae_shop_pleasant_corner_grove

Skill      XL: |  1  2  3  4  5  6  7  8  9 10 11 12 13 14 15 16 17 18 19 20 21 |
---------------+----------------------------------------------------------------+-----
Axes           | 3 4 5 7 8 10 11 13 14 16 17 18 | 18.0
Armour         | 1 2 3 4 6 8 10 11 12 13 14 16 | 16.0
Throwing       | 1 2 4 7 8 9 |  9.0
Fighting       | 4 6 7 9 10 11 12 13 15 17 18 | 18.7
Dodging        | 1 2 4 5 7 8 9 10 11 | 11.0
Shields        | 7 11 12 13 14 15 19 20 | 20.0
Invocations    | 4 9 10 | 10.0
Spellcasting   | |  1.0
Fire Magic     | |  3.0

Action                     |  1- 3 |  4- 6 |  7- 9 | 10-12 | 13-15 | 16-18 | 19-21 | 22-24 || total
---------------------------+-------+-------+-------+-------+-------+-------+-------+-------++-------
  Melee: Hand axe          |   128 |     6 |       |    10 |    24 |     4 |       |       ||   172
         Unarmed           |       |    30 |       |       |       |       |       |       ||    30
         War axe           |       |    64 |   165 |   112 |       |       |       |       ||   341
         Punch             |       |     1 |     2 |     2 |       |       |       |       ||     5
         Broad axe         |       |       |       |   262 |   639 |   696 |  1003 |    58 ||  2658
  Throw: Javelin           |       |    26 |    39 |    46 |    34 |   105 |   186 |     5 ||   441
         Boomerang         |       |       |     3 |    20 |    97 |    52 |    37 |       ||   209
 Invoke: Fiery Armour      |     2 |     1 |     2 |     8 |       |       |       |       ||    13
         Heroism           |       |       |       |     2 |    25 |    33 |    21 |     2 ||    83
         Finesse           |       |       |       |       |     5 |     7 |     6 |       ||    18
    Use: Scroll            |     6 |     3 |     5 |    10 |    11 |     4 |    20 |     4 ||    63
         Potion            |       |     1 |     3 |     2 |       |     9 |     3 |     3 ||    21
   Stab: Sleeping          |       |       |       |       |     2 |       |       |       ||     2
         Distracted        |       |       |       |       |       |     2 |     1 |       ||     3
 Armour: Robe              |    25 |       |       |       |       |       |       |       ||    25
         Ring mail         |    23 |       |       |       |       |       |       |       ||    23
         Chain mail        |     3 |    38 |       |       |    14 |   366 |   512 |    31 ||   964
         Skin              |       |     8 |       |       |       |       |       |       ||     8
         Plate armour      |       |     6 |   121 |   335 |   462 |       |       |       ||   924
  Dodge: Dodged            |    57 |    47 |    43 |   133 |   207 |   370 |   556 |    39 ||  1452
  Block: Kite shield       |       |       |       |    37 |   475 |   571 |   347 |       ||  1430
         Tower shield      |       |       |       |       |       |       |   789 |   108 ||   897

Table legend:
 A = Non-vault XP
 B = Vault XP
 C = Vault XP percentage of total XP
 D = Non-vault monster count
 E = Vault monster count
 F = Vault count percentage of total count
                 A         B        C        D         E       F
            +---------+---------+-------+---------+---------+-------
      Total |  324432 |  226444 |  41.1 |     910 |     473 |  34.2
            +---------+---------+-------+---------+---------+-------
        D:1 |      25 |       3 |  10.7 |      15 |       2 |  11.8
        D:2 |      26 |       0 |   0.0 |       9 |       0 |   0.0
        D:3 |     222 |     110 |  33.1 |      30 |      18 |  37.5
        D:4 |     272 |     317 |  53.8 |      20 |      11 |  35.5
        D:5 |    1198 |       0 |   0.0 |      24 |       0 |   0.0
        D:6 |     433 |     243 |  35.9 |       8 |       1 |  11.1
        D:7 |    1417 |     651 |  31.5 |      26 |       1 |   3.7
        D:8 |    1160 |     624 |  35.0 |      27 |       2 |   6.9
        D:9 |    3831 |    3854 |  50.1 |      29 |      10 |  25.6
       D:10 |    1848 |    4765 |  72.1 |       8 |      30 |  78.9
       D:11 |    6977 |   12887 |  64.9 |      16 |      30 |  65.2
       D:12 |    5661 |   12995 |  69.7 |      20 |      28 |  58.3
       D:13 |    8305 |    3331 |  28.6 |      18 |      10 |  35.7
       D:14 |    7650 |    2348 |  23.5 |      14 |       3 |  17.6
       D:15 |    6310 |    4154 |  39.7 |      10 |       7 |  41.2
     Lair:1 |    1558 |       0 |   0.0 |       9 |       0 |   0.0
     Lair:2 |    3465 |    1914 |  35.6 |      16 |       3 |  15.8
     Lair:3 |   10949 |     496 |   4.3 |      25 |       1 |   3.8
     Lair:4 |   13439 |    3305 |  19.7 |      36 |       9 |  20.0
     Lair:5 |   14901 |   11594 |  43.8 |      44 |      39 |  47.0
    Swamp:1 |   12088 |       0 |   0.0 |      30 |       0 |   0.0
    Swamp:2 |   15016 |       0 |   0.0 |      29 |       0 |   0.0
    Swamp:3 |   14403 |    8145 |  36.1 |      28 |       8 |  22.2
    Swamp:4 |   12034 |   24315 |  66.9 |      21 |      35 |  62.5
   Spider:1 |   20009 |    3570 |  15.1 |      56 |       6 |   9.7
   Spider:2 |   12674 |     277 |   2.1 |      30 |       1 |   3.2
   Spider:3 |   22591 |    3471 |  13.3 |      67 |       2 |   2.9
      Orc:1 |    2727 |     446 |  14.1 |      45 |       9 |  16.7
      Orc:2 |    1189 |   21447 |  94.7 |      18 |      69 |  79.3
   Vaults:1 |   25290 |   17614 |  41.1 |      37 |      30 |  44.8
   Vaults:2 |   46361 |   35582 |  43.4 |      65 |      44 |  40.4
   Vaults:3 |   13847 |   37227 |  72.9 |      19 |      50 |  72.5
   Vaults:4 |   22398 |   10759 |  32.4 |      31 |      14 |  31.1
    Abyss:2 |   14158 |       0 |   0.0 |      30 |       0 |   0.0
            +---------+---------+-------+---------+---------+-------
